 Dungeon Crawl Stone Soup version 0.22-a0-617-g6d95e9e (webtiles) character file.

42706 Darkshadow the Bludgeoner (level 13, -8/125 HPs)
             Began as a Minotaur Berserker on July 12, 2018.
             Was a High Priest of Trog.
             Mangled by Agnes
             ... wielding a +2 lajatang of pain
              (17 damage)
             ... on level 15 of the Dungeon.
             The game lasted 00:48:46 (17288 turns).

Darkshadow the Bludgeoner (Minotaur Berserker)     Turns: 17288, Time: 00:48:47

Health: -8/125     AC: 21    Str: 23    XL:     13   Next: 86%
Magic:  12/12      EV: 11    Int:  5    God:    Trog [*****.]
Gold:   967        SH:  5    Dex: 13    Spells: 12/12 levels left

rFire    . . .     SeeInvis .   a - +1 morningstar
rCold    . . .     Gourm    .   (no shield)
rNeg     . . .     Faith    .   X - +0 plate armour
rPois    .         Spirit   .   (helmet restricted)
rElec    .         Reflect  +   K - +2 cloak {MR+}
rCorr    .         Harm     .   s - +0 pair of gloves
MR       +....                  (no boots)
Stlth    ..........             q - +5 amulet of reflection
HPRegen  0.30/turn              T - +3 ring of evasion
MPRegen  0.13/turn              W - ring of stealth

@: hasted, very quick
A: retaliatory headbutt, horns 2
a: Berserk, Trog's Hand, Brothers in Arms, Renounce Religion


You were on level 15 of the Dungeon.
You worshipped Trog.
Trog was extremely pleased with you.
You were hungry.

You visited 1 branch of the dungeon, and saw 15 of its levels.
You also visited: Sewer.

You collected 967 gold pieces.

Inventory:

Hand Weapons
 a - a +1 morningstar (weapon)
 b - the +10 hunting sling "Nuixtil" {velocity, rF+}
   (You found it on level 13 of the Dungeon)

   Any stone fired from it inflicts extra damage.
   It protects you from fire.
 B - a +0 mace
 F - a +2 great mace of protection
Missiles
 d - 597 stones
 C - 19 tomahawks (quivered)
Armour
 s - a +0 pair of gloves (worn)
 K - a +2 cloak of magic resistance (worn)
 N - the -3 cloak of Benevolence {rF+}
   (You found it on level 9 of the Dungeon)

   It protects you from fire.
 X - a +0 plate armour (worn)
Jewellery
 q - a +5 amulet of reflection (around neck)
 t - a +3 ring of intelligence
 w - an uncursed amulet of the acrobat {unknown}
 D - the ring of the Briny Deep {Fire rElec}
   (You found it on level 6 of the Dungeon)

   [ring of fire]

   It enhances your fire magic.
   It protects you from fire.
   It makes you vulnerable to cold.
   It insulates you from electricity.
 L - an uncursed ring of stealth
 T - a +3 ring of evasion (left hand)
 W - a ring of stealth (right hand)
 Y - an uncursed amulet of harm {unknown}
Wands
 k - a wand of paralysis (20)
 o - a wand of disintegration (18)
 p - a wand of digging (19)
 y - a wand of enslavement (15)
 G - a wand of scattershot (8)
 O - a wand of clouds (13)
 R - a wand of flame (36)
Scrolls
 f - 6 scrolls of remove curse {@r2}
 r - a scroll of random uselessness
 u - 4 scrolls of noise
 z - 17 scrolls of identify {@r1}
 A - a scroll of enchant weapon
 E - a scroll of blinking {unknown}
 J - a scroll of silence {unknown}
 P - a scroll of magic mapping
 Q - a scroll of acquirement {unknown}
 U - a scroll of holy word {unknown}
 V - a scroll of enchant armour {unknown}
Potions
 e - 8 potions of curing {@q1}
 g - 5 potions of heal wounds
 h - 2 potions of magic {unknown}
 i - 5 potions of flight
 j - a potion of might {unknown}
 l - a potion of berserk rage {unknown}
 m - 4 potions of degeneration {unknown}
 n - 2 potions of cancellation {unknown}
 x - 6 potions of lignification {unknown}
 H - 3 potions of mutation {unknown}
 I - 4 potions of ambrosia {unknown}
 M - 3 potions of resistance
Comestibles
 c - 31 rations


   Skills:
 + Level 14.4 Fighting
 * Level 19.1 Maces & Flails
 + Level 14.2 Armour
 - Level 2.1 Dodging


You had 12 spell levels left.
You didn't know any spells.
Your spell library was empty.

Dungeon Overview and Level Annotations

Branches:
Dungeon (15/15)            Temple (0/1) D:6            Lair (0/6) D:9
    Orc (0/2) D:9          Vaults (0/5) D:13         Depths (0/5) D:15

Altars:
Elyvilon
Fedhas
Nemelex Xobeh
Ru
Vehumet
The Shining One

Shops:
D:4 *   D:7 =   D:8 (

Annotations:
D:13 3 runed doors, Thormy's ghost, journeyman TeBe
D:15 Agnes


Innate Abilities, Weirdness & Mutations

You reflexively headbutt those who attack you in melee.
You have a pair of horns on your head.


Message History

You start resting.
You feel sick. x2
You feel yourself speed up.
You feel sick.
You start resting.
You feel sick. x2
You recover from your berserk rage.
You start resting.
Agnes is too close now for your liking.
Agnes is nearby!
You feel sick.
Agnes shouts!
You feel sick.
You are no longer poisoned.
Press: ? - help, v - describe, . - travel
Here: Agnes, wielding a lajatang of pain and wearing a robe The floor.
You feel yourself speed up.
Agnes says, "You dishonour your ancestors."
Agnes hits you with a lajatang of pain!
You die...

........ # .....( . ..#.#.# .
###.#.#.# .. ....... ..≈≈§
#...# #..≈#§≈≈≈≈#≈.. #...#
....≈≈§≈.§≈§≈..#
#.#.#####.§.≈§§...≈≈≈..#
#.#...i@..§.#≈§.>..≈#...
######.######...§§§≈...§≈§...
..........††.....§§≈§≈.§≈≈≈...
#######i###.†....§≈#§≈§§≈#§...
....#.........≈§§≈)§≈≈≈...
#..%.......##....§§.......
.....J........#.........#.#
###..........#.#####.####..#
.........#.#.......#<##.##


You could see Agnes.

Vanquished Creatures
  Frances (D:14)
  Kirke (D:14)
  A fire giant (D:15)
  2 hydras (D:14)
  2 centaur warriors
  Erica (D:8)
  7 two-headed ogres
  An ogre mage (D:13)
  3 skeletal warriors (D:13)
  2 unseen horrors
  A harpy (shapeshifter) (D:14)
  2 cyclopes
  An orb spider (shapeshifter) (D:14)
  2 deep elf magi
  A manticore (D:8)
  6 ugly things
  3 gargoyles
  3 centaur skeletons
  A kobold demonologist (D:13)
  2 yaktaurs (D:13)
  3 trolls
  A wolf spider simulacrum (D:9)
  Grinder (D:6)
  9 slime creatures
  Sigmund (D:6)
  8 redbacks (D:15)
  5 hippogriffs
  2 wyverns
  3 shadows
  5 yaks (D:14)
  A vampire (D:11)
  6 hogs (D:14)
  Edmund (D:6)
  A harpy simulacrum (D:9)
  An acid dragon (D:11)
  2 water moccasins
  4 porcupines (D:9)
  A sky beast (D:14)
  10 orc warriors
  A phantom (D:9)
  An eye of draining (D:14)
  4 black bears
  7 ice beasts
  2 necrophages
  4 ogres
  15 centaurs
  5 crocodiles (D:9)
  4 big kobolds
  9 bullfrogs
  A wyvern zombie (D:6)
  4 scorpions
  4 howler monkeys
  4 crimson imps
  2 bullfrog zombies
  3 quasits
  2 bullfrog skeletons
  7 hounds
  4 jellies
  6 orc priests
  19 orc wizards
  Crazy Yiuf (D:6)
  2 iguanas
  8 worker ants
  A killer bee zombie (D:10)
  A hound skeleton (D:11)
  Robin (D:3)
  20 adders
  2 gnolls (D:4)
  A river rat (Sewer)
  4 shadow imps
  2 adder zombies
  3 worms
  4 dart slugs
  3 leopard geckos
  79 orcs
  7 bats
  5 giant cockroaches
  26 goblins
  16 hobgoblins
  13 jackals
  25 kobolds
  5 quokkas
  A ball python (D:3)
  5 frilled lizards
  A leopard gecko skeleton (D:4)
  A quokka skeleton (D:5)
  11 rats
464 creatures vanquished.

Vanquished Creatures (collateral kills)
  2 two-headed ogres (D:13)
  A skeletal warrior (D:13)
  A centaur zombie (D:14)
  2 yaktaurs (D:13)
  An orc warrior (D:9)
  An ogre (D:13)
  3 centaurs
  A big kobold (D:13)
  An orc priest (D:9)
  2 orc wizards (D:9)
  4 orcs (D:9)
  A kobold (D:13)
20 creatures vanquished.

Vanquished Creatures (others)
  2 centaur warriors (D:14)
  An orc (D:11)
  4 plants (D:13)
7 creatures vanquished.

Grand Total: 491 creatures vanquished

Notes
Turn   | Place    | Note
-------+----------+-------------------------------------------
     0 | D:1      | Darkshadow the Minotaur Berserker began the quest for the Orb.
     0 | D:1      | Reached XP level 1. HP: 19/19 MP: 0/0
   329 | D:1      | Reached skill level 4 in Maces & Flails
   329 | D:1      | Reached XP level 2. HP: 27/27 MP: 1/1
   778 | D:1      | Reached XP level 3. HP: 30/33 MP: 2/2
   876 | D:1      | Reached ** piety under Trog
  2008 | D:2      | Reached skill level 5 in Maces & Flails
  2008 | D:2      | Reached XP level 4. HP: 40/40 MP: 3/3
  2654 | D:3      | Found a glowing drain.
  2719 | Sewer    | Entered a sewer
  2727 | Sewer    | Reached XP level 5. HP: 41/47 MP: 4/4
  2845 | Sewer    | Reached skill level 6 in Maces & Flails
  2879 | Sewer    | Found a white marble altar of Elyvilon.
  2980 | D:3      | Reached skill level 5 in Fighting
  3139 | D:3      | Reached XP level 6. HP: 54/56 MP: 5/5
  3240 | D:3      | Noticed Robin
  3246 | D:3      | Reached *** piety under Trog
  3262 | D:3      | Killed Robin
  3792 | D:4      | Found a glowing golden altar of the Shining One.
  4152 | D:4      | Found a radiant altar of Vehumet.
  4322 | D:4      | Found a white marble altar of Elyvilon.
  4421 | D:4      | Reached skill level 7 in Maces & Flails
  4612 | D:4      | Reached **** piety under Trog
  4724 | D:4      | Found Nyd Nupi's Serpentskin Sales.
  4724 | D:4      | Noticed a water moccasin
  4729 | D:4      | Killed a water moccasin
  4729 | D:4      | Reached skill level 5 in Armour
  4729 | D:4      | Reached XP level 7. HP: 62/62 MP: 6/6
  5022 | D:5      | Entered Level 5 of the Dungeon
  5289 | D:5      | Reached skill level 8 in Maces & Flails
  6123 | D:6      | Noticed Sigmund
  6128 | D:6      | Killed Sigmund
  6128 | D:6      | Reached XP level 8. HP: 66/71 MP: 7/7
  6131 | D:6      | Reached skill level 9 in Maces & Flails
  6191 | D:6      | Found a runed door.
  6262 | D:6      | Found a staircase to the Ecumenical Temple.
  6269 | D:6      | Got a pitted granite ring
  6498 | D:6      | Identified the ring of the Briny Deep {Fire rElec} (You found it on level 6 of the Dungeon)
  6518 | D:6      | Noticed Grinder
  6530 | D:6      | Killed Grinder
  6561 | D:6      | Reached skill level 10 in Maces & Flails
  6661 | D:6      | Found a sparkling altar of Nemelex Xobeh.
  6672 | D:6      | Found a sacrificial altar of Ru.
  6676 | D:6      | Found a blossoming altar of Fedhas.
  6925 | D:6      | Noticed Edmund
  6932 | D:6      | Killed Edmund
  7007 | D:6      | Noticed Crazy Yiuf
  7011 | D:6      | Killed Crazy Yiuf
  7131 | D:7      | Reached XP level 9. HP: 71/81 MP: 8/8
  7211 | D:7      | Reached ***** piety under Trog
  7294 | D:7      | Found Riesh's Jewellery Shop.
  7940 | D:8      | Noticed Erica
  7957 | D:8      | Killed Erica
  7957 | D:8      | Reached skill level 11 in Maces & Flails
  8091 | D:8      | Noticed a manticore
  8103 | D:8      | Killed a manticore
  8103 | D:8      | Reached skill level 12 in Maces & Flails
  8408 | D:8      | Noticed a two-headed ogre
  8421 | D:8      | Killed a two-headed ogre
  8421 | D:8      | Reached XP level 10. HP: 90/90 MP: 9/9
  8894 | D:8      | Found Sityoh's Antique Weapon Shoppe.
  9222 | D:9      | Found a transporter.
  9280 | D:9      | Found a transporter.
  9391 | D:9      | Reached skill level 13 in Maces & Flails
  9405 | D:9      | Reached skill level 10 in Fighting
  9804 | D:9      | Found a staircase to the Lair.
  9809 | D:9      | Reached skill level 10 in Armour
 10168 | D:9      | Reached skill level 14 in Maces & Flails
 10472 | D:9      | Found a staircase to the Orcish Mines.
 10551 | D:9      | Noticed a two-headed ogre
 10560 | D:9      | Killed a two-headed ogre
 10560 | D:9      | Reached XP level 11. HP: 100/100 MP: 10/10
 11095 | D:9      | Got a crude cloak
 11107 | D:9      | Identified the cursed -3 cloak of Benevolence {rF+} (You found it on level 9 of the Dungeon)
 11261 | D:10     | Entered Level 10 of the Dungeon
 11523 | D:10     | Noticed a two-headed ogre
 11529 | D:10     | Killed a two-headed ogre
 11535 | D:10     | Received a gift from Trog
 11829 | D:10     | Killed an unseen horror
 11829 | D:10     | Reached skill level 15 in Maces & Flails
 11954 | D:11     | Noticed a two-headed ogre
 12196 | D:11     | Killed an unseen horror
 12241 | D:11     | Noticed a two-headed ogre
 12249 | D:11     | Killed a two-headed ogre
 12382 | D:11     | Noticed a two-headed ogre
 12396 | D:11     | Killed a two-headed ogre
 12585 | D:11     | Killed a two-headed ogre
 12585 | D:11     | Reached XP level 12. HP: 74/111 MP: 11/11
 12890 | D:11     | Reached skill level 16 in Maces & Flails
 13984 | D:13     | Noticed a two-headed ogre
 13998 | D:13     | Killed a two-headed ogre
 14009 | D:13     | Got a scorched hunting sling
 14010 | D:13     | Identified the +10 hunting sling "Nuixtil" {velocity, rF+} (You found it on level 13 of the Dungeon)
 14218 | D:13     | Found a labyrinth entrance.
 14238 | D:13     | HP: 5/112 [skeletal warrior/mace[a skeletal warrior] (12)]
 14540 | D:13     | Found a runed gate.
 14541 | D:13     | Found a runed gate.
 14541 | D:13     | Noticed Thormy's ghost (journeyman TeBe)
 14542 | D:13     | Found a runed gate.
 14542 | D:13     | Noticed an 11-headed hydra
 14700 | D:13     | Noticed a two-headed ogre
 14700 | D:13     | Noticed a two-headed ogre
 14701 | D:13     | Noticed a centaur warrior
 14747 | D:13     | Killed a two-headed ogre
 14747 | D:13     | Received a gift from Trog
 14749 | D:13     | Killed a two-headed ogre
 14759 | D:13     | Killed a centaur warrior
 14938 | D:13     | Reached skill level 17 in Maces & Flails
 15242 | D:13     | Noticed an ogre mage
 15255 | D:13     | Killed an ogre mage
 15273 | D:13     | Found a gate to the Vaults.
 15562 | D:14     | Noticed a centaur warrior
 15577 | D:14     | Killed a centaur warrior
 15608 | D:13     | Reached XP level 13. HP: 70/122 MP: 10/12
 16041 | D:14     | Reached skill level 18 in Maces & Flails
 16762 | D:14     | Noticed Kirke
 16780 | D:14     | Killed Kirke
 16932 | D:14     | Noticed Frances
 16940 | D:14     | Killed Frances
 17148 | D:15     | Entered Level 15 of the Dungeon
 17156 | D:15     | Found a staircase to the Depths.
 17156 | D:15     | Noticed a fire giant
 17172 | D:15     | Killed a fire giant
 17172 | D:15     | Reached skill level 19 in Maces & Flails
 17262 | D:15     | Noticed Agnes
 17288 | D:15     | Mangled by Agnes

Vault maps used:
D:1:      dpeg_arrival_morbid_curiosity
D:2:      minmay_misc_feat_four_crosses, grunt_ministairs_8
D:3:      gup_sewer_entry_glass, uniq_robin
D:4:      corexii_shantytown, lemuel_doored_altar, tso_metal_star,
          nicolae_overflow_crystal_walls, first_ration, guppyfry_shop_venom
D:6:      minmay_overflow_temple_star_quad, minmay_temple_entry_glassed_door,
          uniq_crazy_yiuf_cottage, uniq_grinder, uniq_sigmund, uniq_edmund
D:7:      serial_shops, shop, lightli_minifort
D:8:      serial_shops, kennysheep_little_box, uniq_erica
D:9:      gammafunk_cloud_chamber, minmay_lair_entry_grove, david_orc_4
D:10:     blue_anna_alchemist
D:13:     hangedman_vaults_entry_quadrant_bands, gammafunk_ghost_hydra_chop,
          lab_entry_generic
D:14:     hex_tiny, uniq_frances, uniq_kirke
D:15:     grunt_enter_depths_giant_problem,
          nicolae_dithmenos_through_a_glass_darkly, spider_trap, uniq_agnes
Sewer:    sewer_kobolds

Skill      XL: |  1  2  3  4  5  6  7  8  9 10 11 12 13 |
---------------+----------------------------------------+-----
Maces & Flails | 4 5 6 7 8 10 12 14 15 17 19 | 19.1
Fighting       | 4 5 6 7 9 10 12 13 14 | 14.4
Armour         | 3 4 5 6 7 9 10 11 13 14 | 14.2
Dodging        | |  2.1

Action                   |  1- 3 |  4- 6 |  7- 9 | 10-12 | 13-15 || total
-------------------------+-------+-------+-------+-------+-------++-------
Melee: Mace              |    81 |   215 |    76 |    46 |       ||   418
       Headbutt          |     8 |    29 |    47 |   145 |    58 ||   287
       Morningstar       |       |       |   187 |   467 |    32 ||   686
       Great mace        |       |       |       |    98 |   166 ||   264
       Hunting sling     |       |       |       |     7 |       ||     7
 Fire: Hunting sling     |       |       |       |    14 |       ||    14
Throw: Stone             |     7 |       |       |       |       ||     7
       Tomahawk          |       |       |     3 |     2 |       ||     5
Invok: Berserk           |       |     5 |     6 |    12 |     4 ||    27
       Trog's Hand       |       |     1 |     3 |     9 |     4 ||    17
       Brothers in Arms  |       |       |       |     3 |     2 ||     5
  Use: Scroll            |       |     6 |       |     7 |     2 ||    15
       Potion            |       |       |       |     1 |     1 ||     2
  Eat: Chunk             |     3 |    13 |    15 |    22 |     5 ||    58
       Ration            |       |       |     1 |     5 |     2 ||     8
Armor: Animal skin       |     7 |       |       |       |       ||     7
       Ring mail         |     7 |    64 |    54 |       |       ||   125
       Chain mail        |       |       |    70 |   220 |       ||   290
       Plate armour      |       |       |       |   112 |   146 ||   258
Dodge: Dodged            |    50 |    98 |   144 |   230 |   118 ||   640
Block: Other             |       |    18 |    73 |   123 |    56 ||   270
       Reflection        |       |       |     1 |    12 |     4 ||    17

Table legend:
 A = Spawn XP
 B = Non-spawn XP
 C = Spawn XP percentage of total XP
 D = Spawn monster count
 E = Non-spawn monster count
 F = Spawn count percentage of total count
 G = Total turns spent on level
                    A         B        C        D         E        F      G
               +---------+---------+-------+---------+---------+-------+---------
         Total |       0 |   61009 |   0.0 |       0 |     487 |   0.0 | 17288
               +---------+---------+-------+---------+---------+-------+---------
           D:1 |       0 |      56 |   0.0 |       0 |      32 |   0.0 |  1379
           D:2 |       0 |      60 |   0.0 |       0 |      19 |   0.0 |  1188
           D:3 |       0 |     183 |   0.0 |       0 |      39 |   0.0 |   847
           D:4 |       0 |     508 |   0.0 |       0 |      49 |   0.0 |  1401
           D:5 |       0 |     203 |   0.0 |       0 |      14 |   0.0 |   902
           D:6 |       0 |    1625 |   0.0 |       0 |      26 |   0.0 |  1227
           D:7 |       0 |     841 |   0.0 |       0 |      23 |   0.0 |   986
           D:8 |       0 |    3248 |   0.0 |       0 |      16 |   0.0 |  1043
           D:9 |       0 |    5885 |   0.0 |       0 |      66 |   0.0 |  2048
          D:10 |       0 |    3500 |   0.0 |       0 |      23 |   0.0 |   738
          D:11 |       0 |    6133 |   0.0 |       0 |      34 |   0.0 |   962
          D:12 |       0 |     803 |   0.0 |       0 |      15 |   0.0 |   970
          D:13 |       0 |   15142 |   0.0 |       0 |      56 |   0.0 |  1932
          D:14 |       0 |   18135 |   0.0 |       0 |      52 |   0.0 |  1285
          D:15 |       0 |    4561 |   0.0 |       0 |      12 |   0.0 |   140
         Sewer |       0 |     126 |   0.0 |       0 |      11 |   0.0 |   240
               +---------+---------+-------+---------+---------+-------+---------
